FSL
DAYTONA TORTUGAS @ PALM BEACH CARDINALS
04/15/2099
 
TOP OF THE 1ST
Daytona Tortugas batting - Pitching for Palm Beach Cardinals : LHP Matt Bates
Pitching: LHP Matt Bates
Batting: RHB Mike Arnold 0-0: Ball
1-0: Ball
2-0: Foul Ball, location: 3F
2-1: Foul Ball, location: 23FF
2-2: Ground out 6-3 (Groundball, 56, EV 106.3 MPH)
Batting: RHB Sean Wisher 0-0: Called Strike
0-1: Foul Ball, location: 2F
0-2: Strikes out swinging
Batting: RHB Gerardo Machado 0-0: Ball
1-0: Called Strike
1-1: Ball
2-1: Swinging Strike
2-2: Strikes out swinging
Top of the 1st over - 0 runs, 0 hits, 0 errors, 0 left on base; Daytona 0 - Palm Beach 0
BOTTOM OF THE 1ST
Palm Beach Cardinals batting - Pitching for Daytona Tortugas : RHP Lílian Ervelhudo
Pitching: RHP Lílian Ervelhudo
Batting: RHB Dave Mora 0-0: Called Strike
0-1: Ball
1-1: Foul Ball, location: 7LSF
1-2: Fly out, F4 (Popup, 23, EV 90.0 MPH)
Batting: RHB Tommy Riley 0-0: Ball
1-0: Called Strike
1-1: Foul Ball, location: 23F
1-2: Fly out, F7 (Flyball, 7, EV 97.5 MPH)
Batting: LHB Johnny Whitehead 0-0: Ball
1-0: Fly out, F9 (Flyball, 89M, EV 100.0 MPH)
Bottom of the 1st over - 0 runs, 0 hits, 0 errors, 0 left on base; Daytona 0 - Palm Beach 0
TOP OF THE 2ND
Daytona Tortugas batting - Pitching for Palm Beach Cardinals : LHP Matt Bates
Batting: RHB Orlando Morales 0-0: Fly out, F9 (Flyball, 9LD, EV 96.9 MPH)
Batting: SHB Julio Sanchez 0-0: Fly out, F4 (Popup, 34S, EV 66.3 MPH)
Batting: LHB Liosvany Koehler 0-0: Ball
1-0: SINGLE (Groundball, 4M, EV 108.1 MPH) (infield hit)
Batting: RHB Luis Tellez 0-0: Ball
1-0: Ball
2-0: Swinging Strike
2-1: Swinging Strike
2-2: Foul Ball, location: 7LDF
2-2: Strikes out looking
Top of the 2nd over - 0 runs, 1 hit, 0 errors, 1 left on base; Daytona 0 - Palm Beach 0
BOTTOM OF THE 2ND
Palm Beach Cardinals batting - Pitching for Daytona Tortugas : RHP Lílian Ervelhudo
Batting: LHB Jon Carlson 0-0: Fly out, F5 (Popup, 5SF, EV 78.1 MPH)
Batting: RHB Robbie Carter 0-0: Called Strike
0-1: Ball
1-1: SINGLE (Line Drive, 56D, EV 105.6 MPH)
Batting: SHB Alex Sandoval 0-0: Fielders Choice at 2nd, 1-4 (Groundball, 15S, EV 68.1 MPH)
Batting: LHB Tony Schulze 0-0: Ball
1-0: Ball
2-0: Called Strike
2-1: Ball
3-1: Called Strike
3-2: Ground out 4-3 (Groundball, 34, EV 83.8 MPH)
Bottom of the 2nd over - 0 runs, 1 hit, 0 errors, 1 left on base; Daytona 0 - Palm Beach 0
TOP OF THE 3RD
Daytona Tortugas batting - Pitching for Palm Beach Cardinals : LHP Matt Bates
Batting: RHB Josh Neumann 0-0: Ball
1-0: Fly out, F7 (Flyball, 7D, EV 92.5 MPH)
Batting: RHB Tim Doucet 0-0: Called Strike
0-1: Ball
1-1: Foul Ball, location: 2F
1-2: Ground out 1-3 (Groundball, 13, EV 74.4 MPH)
Batting: RHB Mike Arnold 0-0: Ground out 5-3 (Groundball, 5L, EV 82.5 MPH)
Top of the 3rd over - 0 runs, 0 hits, 0 errors, 0 left on base; Daytona 0 - Palm Beach 0
BOTTOM OF THE 3RD
Palm Beach Cardinals batting - Pitching for Daytona Tortugas : RHP Lílian Ervelhudo
Batting: RHB Garrett Cragle 0-0: Ball
1-0: Fly out, F4 (Popup, 4M, EV 79.4 MPH)
Batting: RHB Jason Garcia 0-0: Called Strike
0-1: Ground out 6-3 (Groundball, 6M, EV 86.3 MPH)
Batting: RHB Dave Mora 0-0: Swinging Strike
0-1: Called Strike
0-2: Ball
1-2: Strikes out looking
Bottom of the 3rd over - 0 runs, 0 hits, 0 errors, 0 left on base; Daytona 0 - Palm Beach 0
TOP OF THE 4TH
Daytona Tortugas batting - Pitching for Palm Beach Cardinals : LHP Matt Bates
Batting: RHB Sean Wisher 0-0: Ball
1-0: Foul Ball, location: 5F
1-1: Ball
2-1: Fly out, F9 (Flyball, 89D, EV 100.6 MPH)
Batting: RHB Gerardo Machado 0-0: Ball
1-0: Ball
2-0: Fly out, F7 (Flyball, 7, EV 85.6 MPH)
Batting: RHB Orlando Morales 0-0: Fly out, F7 (Flyball, 7LS, EV 87.5 MPH)
Top of the 4th over - 0 runs, 0 hits, 0 errors, 0 left on base; Daytona 0 - Palm Beach 0
BOTTOM OF THE 4TH
Palm Beach Cardinals batting - Pitching for Daytona Tortugas : RHP Lílian Ervelhudo
Batting: RHB Tommy Riley 0-0: Ball
1-0: Called Strike
1-1: Ground out 6-3 (Groundball, 6, EV 106.9 MPH)
Batting: LHB Johnny Whitehead 0-0: Called Strike
0-1: Fly out, F6 (Popup, 6, EV 66.3 MPH)
Batting: LHB Jon Carlson 0-0: Ball
1-0: Ball
2-0: Ball
3-0: Base on Balls
Batting: RHB Robbie Carter 0-0: Ball
1-0: Fielders Choice at 2nd, 6-4 (Groundball, 6, EV 77.5 MPH)
Bottom of the 4th over - 0 runs, 0 hits, 0 errors, 1 left on base; Daytona 0 - Palm Beach 0
TOP OF THE 5TH
Daytona Tortugas batting - Pitching for Palm Beach Cardinals : LHP Matt Bates
Batting: SHB Julio Sanchez 0-0: SINGLE (Line Drive, 7S, EV 110.0 MPH)
Batting: LHB Liosvany Koehler 0-0: Foul Ball, location: 2F
0-1: Ball
1-1: Foul Ball, location: 5F
1-2: Ball
2-2: Ball
3-2: SINGLE (Line Drive, 56, EV 109.4 MPH)
Julio Sanchez to second
Batting: RHB Luis Tellez 0-0: Ball
1-0: Bunted foul
1-1: Ground out 5-3 (Groundball, 56, EV 78.8 MPH)
Julio Sanchez to third
Liosvany Koehler to second
Batting: RHB Josh Neumann 0-0: Called Strike
0-1: Ball
1-1: Foul Ball, location: 5F
1-2: Fly out, F7 (Flyball, 78D, EV 93.8 MPH)
Runner from 3rd tags up, SCORES, throw by LF
Liosvany Koehler to third
Batting: RHB Tim Doucet 0-0: Ground out 3-1 (Groundball, 34, EV 81.9 MPH)
Top of the 5th over - 1 run, 2 hits, 0 errors, 1 left on base; Daytona 1 - Palm Beach 0
BOTTOM OF THE 5TH
Palm Beach Cardinals batting - Pitching for Daytona Tortugas : RHP Lílian Ervelhudo
Batting: SHB Alex Sandoval 0-0: Hit by Pitch
Batting: LHB Tony Schulze 0-0: Fly out, F7 (Flyball, 7, EV 76.9 MPH)
Batting: RHB Garrett Cragle 0-0: Ball
1-0: Fly out, F7 (Flyball, 7LM, EV 93.8 MPH)
Batting: RHB Jason Garcia 0-0: Ball
1-0: Ball
2-0: Called Strike
2-1: Fly out, F9 (Line Drive, 9, EV 108.8 MPH)
Bottom of the 5th over - 0 runs, 0 hits, 0 errors, 1 left on base; Daytona 1 - Palm Beach 0
TOP OF THE 6TH
Daytona Tortugas batting - Pitching for Palm Beach Cardinals : LHP Matt Bates
Batting: RHB Mike Arnold 0-0: Ball
1-0: Called Strike
1-1: Ball
2-1: Called Strike
2-2: Strikes out swinging
Batting: RHB Sean Wisher 0-0: Called Strike
0-1: Swinging Strike
0-2: Strikes out swinging
Batting: RHB Gerardo Machado 0-0: Ball
1-0: Ball
2-0: Ball
3-0: Called Strike
3-1: Foul Ball, location: 2F
3-2: Foul Ball, location: 2F
3-2: Base on Balls
Batting: RHB Orlando Morales 0-0: Ball
1-0: Called Strike
1-1: Swinging Strike
1-2: Ball
2-2: SINGLE (Line Drive, 7LS, EV 91.9 MPH)
Gerardo Machado to second
Batting: SHB Julio Sanchez 0-0: Swinging Strike
0-1: Swinging Strike
0-2: Ball
1-2: Foul Ball, location: 2F
1-2: Hit by Pitch
Gerardo Machado to third
Orlando Morales to second
Batting: LHB Liosvany Koehler 0-0: Swinging Strike
0-1: Ball
1-1: Ball
2-1: Ball
3-1: Foul Ball, location: 7LDF
3-2: Foul Ball, location: 5SF
3-2: Ground out 4-3 (Groundball, 4, EV 88.8 MPH)
Top of the 6th over - 0 runs, 1 hit, 0 errors, 3 left on base; Daytona 1 - Palm Beach 0
BOTTOM OF THE 6TH
Palm Beach Cardinals batting - Pitching for Daytona Tortugas : RHP Lílian Ervelhudo
Batting: RHB Dave Mora 0-0: Called Strike
0-1: Ball
1-1: Ball
2-1: Foul Ball, location: 9LSF
2-2: Foul Ball, location: 2F
2-2: Ball
3-2: Strikes out looking
Batting: RHB Tommy Riley 0-0: Ball
1-0: Fly out, F9 (Flyball, 9, EV 84.4 MPH)
Batting: LHB Johnny Whitehead 0-0: Called Strike
0-1: Swinging Strike
0-2: Ball
1-2: Ball
2-2: Foul Ball, location: 5DF
2-2: Ball
3-2: Fly out, F9 (Flyball, 9D, EV 107.5 MPH)
Bottom of the 6th over - 0 runs, 0 hits, 0 errors, 0 left on base; Daytona 1 - Palm Beach 0
TOP OF THE 7TH
Daytona Tortugas batting - Pitching for Palm Beach Cardinals : LHP Matt Bates
Batting: RHB Luis Tellez 0-0: Ground out 5-3 (Groundball, 56, EV 102.5 MPH)
Batting: RHB Josh Neumann 0-0: Called Strike
0-1: Swinging Strike
0-2: Foul Ball, location: 3DF
0-2: Ball
1-2: Ball
2-2: Strikes out swinging
Batting: RHB Tim Doucet 0-0: Foul Ball, location: 2F
0-1: Swinging Strike
0-2: Foul Ball, location: 5F
0-2: Ball
1-2: Strikes out swinging
Top of the 7th over - 0 runs, 0 hits, 0 errors, 0 left on base; Daytona 1 - Palm Beach 0
BOTTOM OF THE 7TH
Palm Beach Cardinals batting - Pitching for Daytona Tortugas : RHP Lílian Ervelhudo
Batting: LHB Jon Carlson 0-0: Ball
1-0: Foul Ball, location: 23F
1-1: Ground out 1-3 (Groundball, 34S, EV 66.9 MPH)
Batting: RHB Robbie Carter 0-0: Ball
1-0: Foul Ball, location: 5FF
1-1: Foul Ball, location: 9LSF
1-2: Fly out, F8 (Flyball, 89M, EV 85.0 MPH)
Batting: SHB Alex Sandoval 0-0: Foul Ball, location: 25F
0-1: Called Strike
0-2: Ground out 1-3 (Groundball, 15S, EV 66.9 MPH)
Bottom of the 7th over - 0 runs, 0 hits, 0 errors, 0 left on base; Daytona 1 - Palm Beach 0
TOP OF THE 8TH
Daytona Tortugas batting - Pitching for Palm Beach Cardinals : LHP Matt Bates
Pitching: RHP Mike DeLuke
Batting: RHB Mike Arnold 0-0: Called Strike
0-1: Called Strike
0-2: Ball
1-2: Strikes out swinging
Batting: RHB Sean Wisher 0-0: Swinging Strike
0-1: Foul Ball, location: 2F
0-2: Fly out, F7 (Flyball, 78M, EV 92.5 MPH)
Batting: RHB Gerardo Machado 0-0: Ball
1-0: Ball
2-0: Swinging Strike
2-1: Fly out, F8 (Line Drive, 8RM, EV 90.0 MPH)
Top of the 8th over - 0 runs, 0 hits, 0 errors, 0 left on base; Daytona 1 - Palm Beach 0
BOTTOM OF THE 8TH
Palm Beach Cardinals batting - Pitching for Daytona Tortugas : RHP Lílian Ervelhudo
Batting: LHB Tony Schulze 0-0: Foul Ball, location: 2F
0-1: Swinging Strike
0-2: Strikes out swinging
Pinch Hitting: LHB Josh Gregg 0-0: Called Strike
0-1: Fly out, F8 (Flyball, 8RD, EV 103.1 MPH)
Batting: RHB Jason Garcia 0-0: Called Strike
0-1: Ball
1-1: Called Strike
1-2: Ball
2-2: Foul Ball, location: 3SF
2-2: SINGLE (Line Drive, 89S, EV 98.8 MPH)
Batting: RHB Dave Mora 0-0: Called Strike
0-1: Called Strike
0-2: Fly out, F8 (Flyball, 8LD, EV 100.0 MPH)
Bottom of the 8th over - 0 runs, 1 hit, 0 errors, 1 left on base; Daytona 1 - Palm Beach 0
TOP OF THE 9TH
Daytona Tortugas batting - Pitching for Palm Beach Cardinals : RHP Mike DeLuke
Now at SS: Josh Escovedo
Batting: RHB Orlando Morales 0-0: Ball
1-0: Ball
2-0: Foul Ball, location: 2F
2-1: Ball
3-1: Base on Balls
Batting: SHB Julio Sanchez 0-0: Foul Ball, location: 25F
0-1: Fly out, F8 (Flyball, 8RXD, EV 103.1 MPH)
Batting: LHB Liosvany Koehler 0-0: Called Strike
0-1: Ball
1-1: Ball
2-1: Foul Ball, location: 9LMF
2-2: Foul Ball, location: 2RF
2-2: Ball
3-2: Foul Ball, location: 25F
3-2: Strikes out looking
Batting: RHB Luis Tellez 0-0: Called Strike
0-1: Fielders Choice at 2nd, 5-4 (Groundball, 56, EV 106.9 MPH)
Top of the 9th over - 0 runs, 0 hits, 0 errors, 1 left on base; Daytona 1 - Palm Beach 0
BOTTOM OF THE 9TH
Palm Beach Cardinals batting - Pitching for Daytona Tortugas : RHP Lílian Ervelhudo
Batting: RHB Tommy Riley 0-0: Ball
1-0: Ground out 6-3 (Groundball, 56S, EV 85.0 MPH)
Pitching: RHP Nestor Fuentes
Batting: LHB Johnny Whitehead 0-0: Ball
1-0: Foul Ball, location: 2F
1-1: Foul Ball, location: 7LMF
1-2: Ball
2-2: Ball
3-2: Foul Ball, location: 5DF
3-2: Ground out U3 (Groundball, 3S, EV 87.5 MPH)
Batting: LHB Jon Carlson 0-0: Called Strike
0-1: DOUBLE (Line Drive, 9LD, EV 98.1 MPH)
Batting: RHB Robbie Carter 0-0: Ball
1-0: Ball
2-0: Ball
3-0: Called Strike
3-1: Swinging Strike
3-2: Strikes out swinging
Bottom of the 9th over - 0 runs, 1 hit, 0 errors, 1 left on base; Daytona 1 - Palm Beach 0
Friday, May 3rd , 2024 - OOTP Baseball 24.11 Build 85